 Dungeon Crawl Stone Soup version 0.29.0-11-gd7f09526c8 (webtiles) character file.

Game seed: 7432798094340204110

417 LustLizard the Ruffian (level 6, -11/62 HPs)
             Began as a Troll Fighter on Sept 5, 2022.
             Mangled by an orc warrior
             ... wielding a +0 scimitar
              (18 damage)
             ... on level 4 of the Dungeon.
             The game lasted 00:04:44 (3185 turns).

LustLizard the Ruffian (Troll Fighter)              Turns: 3185, Time: 00:04:44

Health: -11/62     AC:  5    Str: 25    XL:     6   Next: 61%
Magic:  5/5        EV:  8    Int:  6    God:
Gold:   223        SH:  7    Dex:  9    Spells: 5/5 levels left

rFire   . . .      SeeInvis .     - Unarmed
rCold   . . .      Faith    .   b - +0 kite shield
rNeg    . . .      Spirit   .   a - +0 robe
rPois   .          Reflect  .   (helmet restricted)
rElec   .          Harm     .   g - +0 cloak
rCorr   .          Rampage  .   (gloves unavailable)
Will    .....                   (boots unavailable)
Stlth   +.........              (no amulet)
HPRegen 1.00/turn               (no ring)
MPRegen 0.09/turn               (no ring)

@: no status effects
A: large, unfitting armour, claws 3, regeneration 1, shaggy fur 1, tough skin 1
a: no special abilities


You were on level 4 of the Dungeon.
You visited 1 branch of the dungeon, and saw 4 of its levels.

You collected 223 gold pieces.

Inventory:

Missiles
 e - 31 stones
 f - 8 boomerangs
 k - 7 poisoned darts
 o - 5 javelins (quivered)
 x - 2 throwing nets
Armour
 a - a +0 robe (worn)
 b - a +0 kite shield (worn)
 g - a +0 cloak (worn)
Wands
 n - a wand of polymorph (6)
Scrolls
 h - 2 scrolls of teleportation {unknown}
 i - 6 scrolls of identify {unknown}
 j - a scroll of magic mapping {unknown}
 m - a scroll of acquirement {unknown}
 p - 3 scrolls of immolation {unknown}
 t - 2 scrolls of butterflies {unknown}
 u - a scroll of enchant armour {unknown}
 w - a scroll of fear {unknown}
Potions
 c - 4 potions of might
 d - a potion of haste {unknown}
 l - 2 potions of attraction {unknown}
 q - 2 potions of mutation {unknown}
 r - 2 potions of degeneration {unknown}
 s - 5 potions of curing {unknown}
 v - a potion of flight {unknown}
 z - a potion of heal wounds {unknown}


   Skills:
 + Level 3.7 Fighting
 - Level 2.4 Dodging
 + Level 4.1 Shields
 * Level 5.2 Unarmed Combat


You had 5 spell levels left.
You didn't know any spells.
Your spell library contained the following spells:

 Spells                   Type           Power      Damage    Failure   Level
 Necrotise                Necr           0%         1d4       75%         1
 Conjure Flame            Conj/Fire      0%         6-21      98%         3
 Ignite Poison            Fire/Tmut/Pois 0%         N/A       98%         3
 Mephitic Cloud           Conj/Pois/Air  0%         N/A       98%         3
 Vampiric Draining        Necr           0%         2d6       98%         3
 Sticky Flame             Conj/Fire      0%         2d3       100%        4
 Agony                    Necr           0%         N/A       100%        5
 Freezing Cloud           Conj/Ice/Air   0%         6-21      100%        5


Dungeon Overview and Level Annotations

Branches:
Dungeon (4/15)
 Temple: D:4-7

Altars:
Ashenzari
Fedhas
Kikubaaqudgha
Trog
Uskayaw

Annotations:
D:3 exclusion: ogre
D:4 4 runed translucent doors


Innate Abilities, Weirdness & Mutations

You are too large for most types of armour.
You have claws for hands.
Your natural rate of healing is unusually fast.
You are covered in fur. (AC +1)
You have tough skin. (AC +1)


Message History

The hobgoblin hits you but does no damage.
You closely miss the hobgoblin.
The hobgoblin hits you but does no damage.
You claw the hobgoblin!
You kill the hobgoblin!
No target in view!
An endoplasm comes into view.
The endoplasm quivers.
You see here a hobgoblin corpse.
The endoplasm closely misses you.
You scratch the endoplasm.
The endoplasm is moderately wounded.
An orc warrior comes into view. It is wielding a +0 scimitar.
You block the endoplasm's attack.
The orc warrior shouts!
You claw the endoplasm!
You kill the endoplasm!
An orc warrior is nearby!
Throw: 6 javelins
Press: ? - help, Q - select action, (/) - cycle Shift-Dir - straight line, f - orc warrior
Aim: an orc warrior, wielding a +0 scimitar and wearing a +0 plate armour (54% to hit)
You throw a javelin.
The javelin closely misses the orc warrior.
You block the orc warrior's attack.
You scratch the orc warrior but do no damage.
The orc warrior hits you with a +0 scimitar!
You claw the orc warrior!
The orc warrior is moderately wounded.
The orc warrior hits you with a +0 scimitar!!
You scratch the orc warrior but do no damage.
The orc warrior is moderately wounded.
The orc warrior hits you with a +0 scimitar!
You completely miss the orc warrior.
The orc warrior is moderately wounded.
The orc warrior hits you with a +0 scimitar!
* * * LOW HITPOINT WARNING * * *
You claw the orc warrior!
The orc warrior is severely wounded.
The orc warrior hits you with a +0 scimitar!!
You die...

.......#.##8[)8##..###
..........######.....##
......###'# #'###..#
.....##.#.### #...##.#
.....#.#†##[## ##.#.#.#
.#.#.#.###..##.#.##.#.#
.#.#.#.#..####(##.#.#.##
.#.#.#.#)##.##.o###.#..#
...#.##.)..####.@†.##..#
......######..######...#
.####..................#
.# #######..##.......##
.# ##....####### .#
#########.#### ..
..[.......# ##
###########


You could see an orc warrior.

Vanquished Creatures
  A scorpion (D:4)
  A howler monkey (D:4)
  A hound (D:4)
  An orc priest (D:4)
  2 orc wizards (D:4)
  An iguana (D:4)
  4 gnolls (D:4)
  6 adders
  2 worms
  4 dart slugs
  9 orcs
  7 ball pythons
  5 bats
  7 endoplasms
  3 giant cockroaches
  7 goblins
  10 hobgoblins
  4 kobolds
  3 quokkas
  2 frilled lizards
  2 rats
82 creatures vanquished.

Notes
Turn   | Place    | Note
-------+----------+-------------------------------------------
     0 | D:1      | LustLizard the Troll Fighter began the quest for the Orb.
     0 | D:1      | Reached XP level 1. HP: 22/22 MP: 0/0
    91 | D:1      | Reached XP level 2. HP: 27/29 MP: 1/1
   325 | D:1      | Found a faded altar of an unknown god.
   465 | D:1      | Reached XP level 3. HP: 34/36 MP: 2/2
   702 | D:2      | Reached skill level 3 in Unarmed Combat
  1487 | D:3      | Reached XP level 4. HP: 39/44 MP: 3/3
  1764 | D:3      | Noticed an ogre
  2211 | D:4      | Reached skill level 4 in Unarmed Combat
  2211 | D:4      | Reached XP level 5. HP: 49/53 MP: 4/4
  2544 | D:4      | Found an ancient bone altar of Kikubaaqudgha.
  2620 | D:4      | Reached XP level 6. HP: 47/61 MP: 5/5
  2656 | D:4      | Found a large runed translucent door.
  2671 | D:4      | Found a large runed translucent door.
  2671 | D:4      | Noticed a two-headed ogre
  2679 | D:4      | Found a large runed translucent door.
  2679 | D:4      | Found a large runed translucent door.
  2813 | D:4      | Found a broken altar of Ashenzari.
  2813 | D:4      | Found a hide-covered altar of Uskayaw.
  2852 | D:4      | Found a blossoming altar of Fedhas.
  2860 | D:4      | Reached skill level 5 in Unarmed Combat
  2874 | D:4      | Found a bloodstained altar of Trog.
  3069 | D:4      | Found the +4 robe of Folly {Brilliance Will-∞ Int+8}
  3178 | D:4      | Noticed an orc warrior
  3185 | D:4      | Mangled by an orc warrior

Illustrated notes

Levels and vault maps discovered:
D:1:      eino_arrival_cavern_b, layout_rooms,
          ebering_ecumenical_altar_sacrificial
D:2:      layout_loops_corners
D:3:      layout_loops_ring, roderic_cross_of_infinity
D:4:      layout_loops_ring, mainiacjoe_overflow_surrounded_room,
          gammafunk_temple_overflow_wave, gammafunk_temple_overflow_pools,
          minmay_hollow_rounded_squares

Skill      XL: |  1  2  3  4  5  6 |
---------------+-------------------+-----
Shields        | 3 4 |  4.1
Unarmed Combat | 3 4 5 |  5.2
Fighting       | 3 |  3.7
Dodging        | |  2.4

Action                   |  1- 3 |  4- 6 || total
-------------------------+-------+-------++-------
Melee: Unarmed           |   129 |   125 ||   254
Throw: Dart              |       |     5 ||     5
       Boomerang         |       |     1 ||     1
       Javelin           |       |     1 ||     1
 Stab: Sleeping          |       |     2 ||     2
Armor: Robe              |    40 |    17 ||    57
Dodge: Dodged            |    30 |    31 ||    61
Block: Kite shield       |    39 |    38 ||    77
